AoeStats
← Kiritastrich

Haboob

513687615Analyzed
1v1 RM · 4d ago on Oct 14, 2026· 29m 30s· 2 players
Game mode
Random Map
Map size
Tiny (2 player)
Population
200
Speed
Normal
Resources
Standard
Victory
Conquest
Starting age
Dark Age
Ending age
Imperial Age
RankedLock teamsTeams togetherTeam positionsShared explorationLock speedFull tech treeHidden civsTurbo modeCheats
Victory
Defeat
🇷🇺 Danes · Russia
1902
+18
vs
🇨🇱 Gurjaras · Chile
1936
-18
Kiritastrich
0:35 Loom
14:45 Feudal Age
18:34 Castle Age
17:24 Double-Bit Axe
27:41 Horse Collar
NPG Dkastro
1:23 Loom
11:24 Feudal Age
11:57 Double-Bit Axe
12:04 Town Watch
13:15 Town Watch
16:38 Wheelbarrow
17:39 Fletching
20:42 Castle Age
19:09 Fletching
19:18 Horse Collar
20:36 Scale Barding Armor
20:44 Gold Mining
20:46 Crossbowman
21:59 Bodkin Arrow
26:49 Forging
27:00 Bloodlines
Connection lost

Rejoining the realm…

Still unreachable

The connection could not be restored.

Session expired

The server has moved on; the page needs a fresh start.